 Dungeon Crawl Stone Soup version 0.23.2-30-g0e89c35649 (webtiles) character file.

Game seed: 1608190653798939781

1638 Hivemind the Slasher (level 8, -3/61 HPs)
             Began as a Gnoll Wanderer on June 7, 2019.
             Was a Believer of Vehumet.
             Killed from afar by a steam dragon (13 damage)
             ... with a ball of steam
             ... on level 8 of the Dungeon.
             The game lasted 00:39:16 (5935 turns).

Hivemind the Slasher (Gnoll Wanderer)               Turns: 5935, Time: 00:39:17

Health: -3/61      AC:  5    Str: 17    XL:     8   Next: 98%
Magic:  10/13      EV: 14    Int: 15    God:    Vehumet [**....]
Gold:   452        SH:  5    Dex: 12    Spells: 11/14 levels left

rFire    . . .     SeeInvis .   x - +0 long sword
rCold    + . .     Gourm    .   c - +0 buckler
rNeg     . . .     Faith    .   d - +0 robe
rPois    .         Spirit   .   A - +1 helmet
rElec    +         Reflect  .   D - +0 cloak
rCorr    .         Harm     .   (no gloves)
MR       .....                  (no boots)
Stlth    +++.......             h - amulet of regeneration
HPRegen  0.60/turn              (no ring)
MPRegen  0.13/turn              (no ring)

@: no status effects
A: distributed training, fangs 1, blurry vision 1, cold resistance 1, dopey 1,
electricity resistance, strong nose
a: Renounce Religion


You were on level 8 of the Dungeon.
You worshipped Vehumet.
Vehumet was pleased with you.
You were hungry.

You visited 1 branch of the dungeon, and saw 8 of its levels.

You collected 452 gold pieces.

Inventory:

Hand Weapons
 a - a +2 spear
 x - a +0 long sword (weapon)
 z - a +3 quarterstaff of chaos
 C - a +0 dagger of flaming
Missiles
 e - 253 stones
 y - 8 tomahawks (quivered)
Armour
 c - a +0 buckler (worn)
 d - a +0 robe (worn)
 o - a +0 ring mail
 A - a +1 helmet (worn)
 D - a +0 cloak (worn)
Jewellery
 h - an amulet of regeneration (around neck)
 m - an uncursed amulet of guardian spirit
Wands
 q - a wand of digging (7)
Scrolls
 g - a scroll of amnesia
 l - 2 scrolls of teleportation
 p - a scroll of holy word {unknown}
 s - 4 scrolls of remove curse {unknown}
 t - 2 scrolls of identify
 u - a scroll of random uselessness {unknown}
 w - a scroll of fog {unknown}
 B - a scroll of noise {unknown}
 E - a scroll of blinking {unknown}
Potions
 b - 7 potions of curing
 i - a potion of brilliance {unknown}
 j - 3 potions of ambrosia
 k - a potion of flight {unknown}
 n - 2 potions of resistance {unknown}
 r - a potion of lignification {unknown}
 v - a potion of invisibility {unknown}
Comestibles
 f - 15 rations


   Skills:
 + Level 4.5 Fighting
 + Level 3.6 Short Blades
 + Level 7.6 Long Blades
 + Level 3.6 Axes
 + Level 3.6 Maces & Flails
 + Level 5.9 Polearms
 + Level 3.6 Staves
 + Level 3.6 Slings
 + Level 3.6 Bows
 + Level 3.6 Crossbows
 + Level 3.6 Throwing
 + Level 3.6 Armour
 + Level 4.5 Dodging
 + Level 5.6 Stealth
 + Level 4.5 Shields
 + Level 3.6 Unarmed Combat
 + Level 3.6 Spellcasting
 + Level 3.0 Conjurations
 + Level 3.0 Hexes
 + Level 3.0 Charms
 + Level 3.0 Summonings
 + Level 3.0 Necromancy
 + Level 3.0 Translocations
 + Level 3.0 Transmutations
 + Level 3.0 Fire Magic
 + Level 3.0 Ice Magic
 + Level 3.0 Air Magic
 + Level 3.0 Earth Magic
 + Level 3.0 Poison Magic
 + Level 4.0 Invocations
 + Level 3.6 Evocations


You had 11 spell levels left.
You knew the following spells:

 Your Spells              Type           Power        Failure   Level  Hunger
a - Sting                 Conj/Pois      ##..         5%          1    None
b - Throw Flame           Conj/Fire      ##....       9%          2    ##.....
Your spell library was empty.

Dungeon Overview and Level Annotations

Branches:
Dungeon (8/15)             Temple (0/1) D:7
   Lair: D:8-11

Altars:
Vehumet
Xom
The Shining One

Annotations:
D:4 exclusion: ogre
D:5 Eustachio
D:8 exclusion: two-headed ogre


Innate Abilities, Weirdness & Mutations

Your experience applies equally to all skills.
You have very sharp teeth.
Your uncanny sense of smell can sniff out nearby items.
Scrolls take you a little longer to read.
Your flesh is cold resistant. (rC+)
You are dopey. (Int -2)
You are resistant to electric shocks. (rElec)


Message History

The steam dragon bites you!
* * * LOW HITPOINT WARNING * * *
The steam dragon claws you.
* * * LOW HITPOINT WARNING * * *
Press: ? - help, v - describe, . - travel, g - get item A blue potion.
The floor.
You hit the steam dragon.
The steam dragon is heavily wounded.
The steam dragon looks more healthy.
The steam dragon bites you.
* * * LOW HITPOINT WARNING * * *
The steam dragon claws you but does no damage.
You slash the steam dragon!
The steam dragon is almost dead.
The steam dragon breathes steam at you. The ball of steam hits you.
* * * LOW HITPOINT WARNING * * *
The steam dragon breathes steam at you. The ball of steam hits you!
You die...

.....## ##.......
.....##.## #........
#######...####### #........
#.........## #........
...........###### #........
.......!........####.......
......................#####
......$......##............
#........D@..########......
#........§..## ######.
####.....§.## ## ####..###
####


You could see a steam dragon.

Vanquished Creatures
  Grinder (D:6)
  Menkaure (D:7)
  An ice beast (D:6)
  2 orc warriors (D:8)
  An ogre (D:5)
  A centaur (D:7)
  A big kobold (D:8)
  A bullfrog (D:7)
  2 scorpions
  2 crimson imps
  A hound (D:7)
  A jelly (D:6)
  Crazy Yiuf (D:6)
  An orc priest (D:6)
  A bullfrog skeleton (D:6)
  5 orc wizards
  3 worker ants
  8 adders
  4 gnolls (D:7)
  A shadow imp (D:6)
  An adder zombie (D:6)
  4 worms
  2 dart slugs (D:2)
  3 leopard geckos
  16 orcs
  A ball python (D:3)
  2 giant cockroaches
  8 goblins
  3 hobgoblins (D:3)
  2 quokkas
  7 bats
  3 frilled lizards
  A giant cockroach zombie (D:6)
  14 kobolds
  A leopard gecko skeleton (D:7)
  A leopard gecko zombie (D:5)
  9 rats
117 creatures vanquished.

Notes
Turn   | Place    | Note
-------+----------+-------------------------------------------
     0 | D:1      | Hivemind the Gnoll Wanderer began the quest for the Orb.
     0 | D:1      | Hivemind set off with the following items: a +2 spear, a +0
                  | falchion, a +0 buckler, a +0 robe, a +0 dagger, a ration
     0 | D:1      | Reached XP level 1. HP: 17/17 MP: 1/1
   418 | D:1      | Reached XP level 2. HP: 23/23 MP: 2/2
  1060 | D:2      | Reached XP level 3. HP: 28/28 MP: 3/3
  1207 | D:2      | Found a radiant altar of Vehumet.
  1216 | D:2      | Became a worshipper of Vehumet
  1688 | D:3      | Reached skill level 1 in Invocations
  1722 | D:3      | Reached skill level 1 in Short Blades
  1722 | D:3      | Reached skill level 1 in Axes
  1722 | D:3      | Reached skill level 1 in Maces & Flails
  1722 | D:3      | Reached skill level 1 in Staves
  1722 | D:3      | Reached skill level 1 in Slings
  1722 | D:3      | Reached skill level 1 in Bows
  1722 | D:3      | Reached skill level 1 in Crossbows
  1722 | D:3      | Reached skill level 1 in Throwing
  1722 | D:3      | Reached skill level 1 in Armour
  1722 | D:3      | Reached skill level 1 in Unarmed Combat
  1722 | D:3      | Reached skill level 1 in Spellcasting
  1722 | D:3      | Reached skill level 1 in Evocations
  1722 | D:3      | Reached XP level 4. HP: 27/34 MP: 5/5
  2043 | D:3      | Reached skill level 1 in Conjurations
  2043 | D:3      | Reached skill level 1 in Hexes
  2043 | D:3      | Reached skill level 1 in Charms
  2043 | D:3      | Reached skill level 1 in Summonings
  2043 | D:3      | Reached skill level 1 in Necromancy
  2043 | D:3      | Reached skill level 1 in Translocations
  2043 | D:3      | Reached skill level 1 in Transmutations
  2043 | D:3      | Reached skill level 1 in Fire Magic
  2043 | D:3      | Reached skill level 1 in Ice Magic
  2043 | D:3      | Reached skill level 1 in Air Magic
  2043 | D:3      | Reached skill level 1 in Earth Magic
  2043 | D:3      | Reached skill level 1 in Poison Magic
  2138 | D:3      | Reached * piety under Vehumet
  2138 | D:3      | Offered knowledge of Sting by Vehumet.
  2144 | D:3      | Learned a level 1 spell: Sting
  2298 | D:4      | Found a glowing golden altar of the Shining One.
  2443 | D:4      | Noticed an ogre
  2454 | D:4      | Reached XP level 5. HP: 40/40 MP: 1/6
  2746 | D:5      | Entered Level 5 of the Dungeon
  2988 | D:5      | Reached XP level 6. HP: 41/47 MP: 4/8
  3074 | D:5      | Noticed Eustachio
  3117 | D:5      | Reached skill level 5 in Polearms
  3615 | D:6      | Noticed Grinder
  3666 | D:6      | Paralysed by Grinder for 5 turns
  3735 | D:6      | Noticed an ice beast
  3776 | D:6      | Paralysed by Grinder for 2 turns
  3783 | D:6      | Killed Grinder
  3783 | D:6      | Reached skill level 7 in Long Blades
  3783 | D:6      | Reached XP level 7. HP: 31/52 MP: 8/10
  3949 | D:6      | Found a glowing golden altar of the Shining One.
  3981 | D:6      | Offered knowledge of Throw Flame by Vehumet.
  3985 | D:6      | Learned a level 2 spell: Throw Flame
  4050 | D:6      | Reached ** piety under Vehumet
  4297 | D:6      | Reached skill level 5 in Stealth
  4333 | D:6      | Found a runed translucent door.
  4334 | D:6      | Noticed Crazy Yiuf
  4348 | D:6      | Killed Crazy Yiuf
  4530 | D:6      | Reached XP level 8. HP: 47/60 MP: 2/12
  4685 | D:7      | Found a staircase to the Ecumenical Temple.
  4885 | D:7      | Found a shimmering altar of Xom.
  5124 | D:7      | Noticed Menkaure
  5136 | D:7      | Killed Menkaure
  5323 | D:8      | Noticed a two-headed ogre
  5510 | D:8      | Gained mutation: Scrolls take you a little longer to read.
                  | [potion of mutation]
  5510 | D:8      | Gained mutation: Scrolls take you longer to read. [potion
                  | of mutation]
  5510 | D:8      | Gained mutation: You have large cloven feet. [potion of
                  | mutation]
  5511 | D:8      | Lost mutation: Scrolls take you longer to read. [potion of
                  | mutation]
  5511 | D:8      | Lost mutation: You have large cloven feet. [potion of
                  | mutation]
  5511 | D:8      | Gained mutation: Your flesh is cold resistant. (rC+)
                  | [potion of mutation]
  5511 | D:8      | Gained mutation: You are dopey. (Int -2) [potion of
                  | mutation]
  5511 | D:8      | Gained mutation: You are resistant to electric shocks.
                  | (rElec) [potion of mutation]
  5935 | D:8      | Killed from afar by a steam dragon

Skill      XL: |  1  2  3  4  5  6  7  8 |
---------------+-------------------------+-----
Invocations    | 1 2 3 4 |  4.0
Short Blades   | 1 2 3 |  3.6
Axes           | 1 2 3 |  3.6
Maces & Flails | 1 2 3 |  3.6
Staves         | 1 2 3 |  3.6
Slings         | 1 2 3 |  3.6
Bows           | 1 2 3 |  3.6
Crossbows      | 1 2 3 |  3.6
Throwing       | 1 2 3 |  3.6
Armour         | 1 2 3 |  3.6
Unarmed Combat | 1 2 3 |  3.6
Spellcasting   | 1 2 3 |  3.6
Evocations     | 1 2 3 |  3.6
Conjurations   | 1 2 3 |  3.0
Hexes          | 1 2 3 |  3.0
Charms         | 1 2 3 |  3.0
Summonings     | 1 2 3 |  3.0
Necromancy     | 1 2 3 |  3.0
Translocations | 1 2 3 |  3.0
Transmutations | 1 2 3 |  3.0
Fire Magic     | 1 2 3 |  3.0
Ice Magic      | 1 2 3 |  3.0
Air Magic      | 1 2 3 |  3.0
Earth Magic    | 1 2 3 |  3.0
Poison Magic   | 1 2 3 |  3.0
Fighting       | 3 4 |  4.5
Dodging        | 3 4 |  4.5
Shields        | 3 4 |  4.5
Polearms       | 5 |  5.9
Long Blades    | 7 |  7.6
Stealth        | 5 |  5.6

Action                   |  1- 3 |  4- 6 |  7- 9 || total
-------------------------+-------+-------+-------++-------
Melee: Spear             |    83 |   176 |       ||   259
       Bite              |     4 |    13 |    24 ||    41
       Long sword        |       |    13 |   194 ||   207
 Cast: Sting             |       |    49 |    67 ||   116
Evoke: Wand              |       |     1 |       ||     1
  Use: Scroll            |       |     2 |     3 ||     5
       Potion            |       |       |     4 ||     4
 Stab: Sleeping          |    13 |     5 |     2 ||    20
  Eat: Chunk             |     2 |     7 |     5 ||    14
       Ration            |       |       |     1 ||     1
Armor: Robe              |     5 |     6 |    35 ||    46
Dodge: Dodged            |    24 |    44 |    94 ||   162
Block: Buckler           |     8 |    17 |    29 ||    54
       Rpst.: Long sword |       |     2 |    26 ||    28
